 Dungeon Crawl Stone Soup version 0.28.0-43-g3370ac3207 (webtiles) character file.

Game seed: 15245073666541456871

150 crimpus the Skirmisher (level 5, -6/82 (85) HPs)
             Began as an Ogre Berserker on Mar 6, 2022.
             Was a Believer of Trog.
             Splashed by a jelly's acid (7 damage)
             ... on level 4 of the Dungeon.
             The game lasted 00:05:19 (3583 turns).

crimpus the Skirmisher (Ogre Berserker)             Turns: 3583, Time: 00:05:20

HP:   -6/82 (85)    AC: -9    Str: 29    XL:     5   Next: 32%
MP:   5/5           EV: 10    Int:  8    God:    Trog [**....]
Gold: 153           SH:  0    Dex:  8    Spells: 4/4 levels left

rFire   . . .      SeeInvis .   g - +2 whip (chaos)
rCold   . . .      Faith    .   (no shield)
rNeg    . . .      Spirit   .   b - +0 animal skin
rPois   .          Reflect  .   (helmet restricted)
rElec   .          Harm     .   (no cloak)
rCorr   .          Rampage  .   (gloves unavailable)
Will    .....                   (boots unavailable)
Stlth   ..........              (no amulet)
HPRegen 0.23/turn               i - +6 ring of strength
MPRegen 0.09/turn               (no ring)

@: berserking, corroded, lightly drained, very quick
A: large, unfitting armour, tough skin 1
a: Renounce Religion, Berserk, Trog's Hand


You were on level 4 of the Dungeon.
You worshipped Trog.
Trog was pleased with you.
You visited 1 branch of the dungeon, and saw 4 of its levels.

You collected 153 gold pieces.

Inventory:

Hand Weapons
 a - a +0 mace
 g - a +2 whip of chaos (weapon)
Armour
 b - a +0 animal skin (worn)
Jewellery
 i - a +6 ring of strength (left hand)
Scrolls
 d - a scroll of amnesia
 e - 2 scrolls of teleportation
 f - a scroll of fog
 h - 3 scrolls of identify
Potions
 j - 2 potions of curing


   Skills:
 + Level 5.3 Fighting
 + Level 4.0 Maces & Flails
 + Level 3.5 Dodging


You had 4 spell levels left.
You didn't know any spells.
Your spell library was empty.

Dungeon Overview and Level Annotations

Branches:
Dungeon (4/15)
 Temple: D:4-7

Altars:
Qazlal
Xom


Innate Abilities, Weirdness & Mutations

You are too large for most types of armour.
You have tough skin. (AC +1)


Message History

You see here a +0 leather armour.
A jelly comes into view.
The jelly quivers.
You see here a book of Armaments.
The jelly closely misses you.
You hit the jelly.
Your hands burn!
The jelly is moderately wounded.
The jelly hits you.
You are splashed with acid.
You hit the jelly but do no damage.
Your hands burn!
The jelly is moderately wounded.
The jelly hits you.
You are splashed with acid!
You hit the jelly.
You feel better. The acid corrodes you!
Your hands burn!
The jelly is severely wounded.
The jelly hits you.
You are splashed with acid!
* * * LOW HITPOINT WARNING * * *
You are too injured to fight recklessly!
You are too injured to fight recklessly!
You are too injured to fight recklessly!
You are too injured to fight recklessly!
You are too injured to fight recklessly!
You are too injured to fight recklessly!
You are too injured to fight recklessly!
As you read the scroll labelled ZAHIPO CUTAQIO, it crumbles to dust.
You hear a loud clanging noise!
It was a scroll of noise.
You hear a shout!
You hear an angry hiss.
You hear a shout!
You hear an angry hiss.
The jelly closely misses you.
You hit the jelly.
Your hands burn!
* * * LOW HITPOINT WARNING * * *
The jelly is almost dead.
The jelly hits you.
* * * LOW HITPOINT WARNING * * *
The acid corrodes you!
You are splashed with acid!
* * * LOW HITPOINT WARNING * * *
A red film seems to cover your vision as you go berserk!
You feel yourself moving faster!
You feel mighty! The jelly hits you.
* * * LOW HITPOINT WARNING * * *
The acid corrodes you!
You are splashed with acid!
You die...

## .. .# ####
.#.....
###########.#..#
#......[.:...#
#.########@.##
#.# #J## #.#
#..#
#.########...#
#..............
#.#######....#.#
#............#.#
#..#######...# #
#..# #...#


You could see a jelly.

Vanquished Creatures
  Jessica (D:3)
  5 adders
  A dart slug (D:2)
  5 orcs (D:3)
  4 bats
  An endoplasm (D:3)
  3 giant cockroaches
  7 goblins
  10 hobgoblins
  3 jackals (D:2)
  2 quokkas
  13 ball pythons
  5 frilled lizards
  7 kobolds
  3 rats
70 creatures vanquished.

Notes
Turn   | Place    | Note
-------+----------+-------------------------------------------
     0 | D:1      | crimpus the Ogre Berserker began the quest for the Orb.
     0 | D:1      | Reached XP level 1. HP: 24/24 MP: 1/1
   179 | D:1      | Reached XP level 2. HP: 28/32 MP: 2/2
   607 | D:2      | Reached XP level 3. HP: 40/40 MP: 3/3
   780 | D:2      | Reached ** piety under Trog
   828 | D:2      | Found a faded altar of an unknown god.
   976 | D:2      | Reached XP level 4. HP: 11/49 MP: 4/4
   983 | D:2      | HP: 3/73 [poisoned by an adder]
  1549 | D:2      | Identified the +7 short sword of Honour {vorpal, Dex+5}
  1773 | D:2      | Reached skill level 5 in Fighting
  1997 | D:3      | Found a stormy altar of Qazlal.
  2688 | D:3      | Found a large runed translucent door.
  2689 | D:3      | Found a large runed translucent door.
  2691 | D:3      | Found a shimmering altar of Xom.
  3159 | D:3      | Noticed Jessica
  3163 | D:3      | Killed Jessica
  3164 | D:3      | Reached XP level 5. HP: 45/55 MP: 5/5
  3582 | D:4      | HP: 1/55 [acid (10)]
  3583 | D:4      | Splashed by a jelly's acid

Illustrated notes

Levels and vault maps discovered:
D:1:      psy_arrival_fountain, layout_rooms
D:2:      layout_basic, nicolae_ecumenical_snake_handling,
          kennysheep_generic_room_3
D:3:      due_chaos_kobolds, layout_loops_ring, amcnicky_altar_gilded,
          minmay_door_square, uniq_jessica
D:4:      layout_loops_ring, nicolae_ru_path_of_blood,
          minmay_temple_entry_large_hall

Skill      XL: |  1  2  3  4 |
---------------+-------------+-----
Maces & Flails | 3 4 |  4.0
Dodging        | 3 |  3.5
Fighting       | 5 |  5.3

Action                   |  1- 3 |  4- 6 || total
-------------------------+-------+-------++-------
Melee: Mace              |    95 |    88 ||   183
       Punch             |     1 |     1 ||     2
       Whip              |       |    26 ||    26
Invok: Berserk           |     2 |     4 ||     6
  Use: Scroll            |       |     6 ||     6
       Potion            |       |     3 ||     3
 Stab: Sleeping          |     1 |       ||     1
Armor: Animal skin       |    40 |    26 ||    66
Dodge: Dodged            |    59 |    48 ||   107
